 Dungeon Crawl Stone Soup version 0.14-a0-1739-g6c2808e (webtiles) character file.

286 Piginabag the Bolt Thrower (level 6, -1/39 HPs)
             Began as a Formicid Hunter on Jan 4, 2014.
             Slain by an ogre
             ... wielding a +0,+0 giant club
              (16 damage)
             ... on Level 4 of the Dungeon.
             The game lasted 00:05:08 (2133 turns).

Piginabag the Bolt Thrower (Formicid Hunter)        Turns: 2133, Time: 00:05:09

HP  -1/39        AC  9     Str 19      XL: 6   Next:  0%
MP   6/6         EV  7     Int 10      God:
Gold 128         SH  8     Dex 11      Spells:  0 memorised,  5 levels left

rFire  . . .     SeeInvis +     b - +1 crossbow
rCold  . . .     Clarity  .     m - +1 dwarf scale mail
rNeg   . . .     Conserve .     k - +2 buckler
rPois  x         rCorr    .     (helmet unavailable)
rElec  .         rRot     .     (no cloak)
SustAb . .       Spirit   .     (no gloves)
rMut   .         Warding  .     (no boots)
Saprov . . .     Stasis   +     (no amulet)
                                (no ring)
                                p - ring of invisibility

@: slightly resistant to hostile enchantments, extremely unstealthy
A: permanent stasis, dig shafts and tunnels, four strong arms, poison weakness,
antennae 3, exoskeleton 1
a: Dig, Shaft Self, Evoke Invisibility


You were on level 4 of the Dungeon.
You were not hungry.

You visited 1 branch of the dungeon, and saw 4 of its levels.

You collected 128 gold pieces.

Inventory:

Hand weapons
 b - a +1,+1 crossbow (weapon)
 d - a +1 blowgun
 n - a +1,+0 mace
Missiles
 c - 14 bolts (quivered)
 o - 8 poisoned needles
Armour
 k - a +2 buckler (worn)
 m - a +1 dwarven scale mail (worn)
Comestibles
 f - 2 bread rations
 g - 2 meat rations
 l - a pear
Scrolls
 e - a scroll of remove curse {unknown}
 j - 2 scrolls of enchant weapon I
 r - a scroll of enchant weapon II {unknown}
 s - 2 scrolls of identify {unknown}
 t - a scroll of teleportation {unknown}
 u - a scroll of curse armour {unknown}
Jewellery
 p - a ring of invisibility (left hand)
Potions
 a - 2 potions of heal wounds {unknown}
 h - a potion of agility {unknown}
 i - 5 potions of curing {unknown}
 q - a potion of paralysis {unknown}
 v - a potion of flight {unknown}


   Skills:
 + Level 1.5 Fighting
   Level 0.2 Short Blades
 + Level 0.8 Maces & Flails
 + Level 4.8 Crossbows
 + Level 1.7 Armour
 + Level 3.3 Dodging
 + Level 1.7 Stealth
 + Level 0.2 Shields


You had 5 spell levels left.
You didn't know any spells.

Dungeon Overview and Level Annotations

Branches:
Dungeon (4/16)
 Temple: D:4-7

Altars:
Zin


Innate Abilities, Weirdness & Mutations

Your are under a permanent stasis effect.
You can dig through walls and to a lower floor.
Your four strong arms can wield any weapon, most with a shield.
You are susceptible to poison.
You have a pair of large antennae on your head (SInv).
Your body is surrounded by an exoskeleton. (HP +5, AC +1)


Message History

b - a +1,+1 crossbow (weapon)
Firing (i - inventory):
c - 17 bolts (quivered)
Press: ? - help, Shift-Dir - straight line, f - ogre
Aim: an ogre, wielding a giant club You shoot a bolt.
The bolt hits the ogre.
The ogre is heavily wounded.
Firing (i - inventory):
c - 16 bolts (quivered)
Press: ? - help, Shift-Dir - straight line, f/p - ogre
Aim: an ogre, wielding a giant club (heavily wounded)
You shoot a bolt. The bolt hits the ogre.
The ogre is severely wounded.
The ogre hits you with a giant club!
Ouch! That really hurt!
Firing (i - inventory):
c - 15 bolts (quivered)
Press: ? - help, Shift-Dir - straight line, f/p - ogre
Aim: an ogre, wielding a giant club (severely wounded)
You shoot a bolt. The bolt hits the ogre.
The ogre is almost dead.
The ogre hits you with a giant club!
You die...

##. .........
...........
............#
.............#
.............#
.......l.....#
......(Or.....#
#@.....#
#......#
#......#
#......#
#......#
#......#
#...)..#
#......#
#......#


You could see an ogre, a giant newt and a rat.

Vanquished Creatures
  An ogre (D:4)
  A worker ant (D:4)
  An adder (D:3)
  A giant gecko (D:3)
  2 giant cockroaches
  7 goblins
  6 hobgoblins
  7 kobolds
  2 quokkas
  A ball python (D:1)
  3 bats
  5 giant newts
  8 rats
45 creatures vanquished.

Notes
Turn   | Place    | Note
--------------------------------------------------------------
     0 | D:1      | Piginabag, the Formicid Hunter, began the quest for the Orb.
     0 | D:1      | Reached XP level 1. HP: 17/17 MP: 1/1
   195 | D:1      | Reached XP level 2. HP: 21/21 MP: 2/2
   699 | D:1      | Reached XP level 3. HP: 14/25 MP: 3/3
  1563 | D:3      | Reached XP level 4. HP: 26/30 MP: 4/4
  1565 | D:3      | Found a glowing silver altar of Zin.
  2068 | D:4      | Noticed an ogre
  2076 | D:4      | Killed an ogre
  2076 | D:4      | Reached skill level 1 in Armour
  2076 | D:4      | Reached XP level 5. HP: 34/34 MP: 5/5
  2107 | D:4      | Reached XP level 6. HP: 39/39 MP: 6/6
  2129 | D:4      | Noticed an ogre
  2133 | D:4      | Slain by an ogre

Action                   |  1- 3 |  4- 6 || total
-------------------------+-------+-------++-------
Melee: Short sword       |    77 |       ||    77
       Mace              |    29 |     7 ||    36
       Club              |     8 |       ||     8
 Fire: Crossbow          |     5 |    24 ||    29
  Use: Scroll            |       |     2 ||     2
 Stab: Sleeping          |     1 |       ||     1
